 Dungeon Crawl Stone Soup version 0.24.1 (webtiles) character file.

Game seed: 12348297483189053049, levelgen mode: deterministic

5727 Peloso the Carver (level 10, -5/135 HPs)
             Began as a Minotaur Fighter on Apr 1, 2020.
             Was a Believer of Okawaru.
             Killed by divine providence
             ... invoked by an orc priest
              (10 damage)
             ... on level 10 of the Dungeon.
             The game lasted 00:18:02 (9095 turns).

Peloso the Carver (Minotaur Fighter)                Turns: 9095, Time: 00:18:03

Health: -5/135     AC: 16    Str: 28    XL:     10   Next: 48%
Magic:  7/9        EV: 11    Int:  5    God:    Okawaru [**....]
Gold:   633        SH: 14    Dex: 11    Spells: 9/9 levels left

rFire    x . .     SeeInvis .   a - +2 falchion
rCold    + . .     Gourm    .   c - +0 shield
rNeg     + . .     Faith    .   z - +0 plate armour
rPois    .         Spirit   .   (helmet restricted)
rElec    .         Reflect  .   (no cloak)
rCorr    .         Harm     .   (no gloves)
MR       +....                  (no boots)
Stlth    ..........             (no amulet)
HPRegen  0.32/turn              A - ring of ice
MPRegen  0.11/turn              D - ring "Guitoel" {rN+ MR+}

@: berserking, heroism, very quick
A: retaliatory headbutt, horns 2
a: Heroism, Renounce Religion


You were on level 10 of the Dungeon.
You worshipped Okawaru.
Okawaru was pleased with you.
You were not hungry.

You visited 2 branches of the dungeon, and saw 11 of its levels.

You collected 633 gold pieces.

Inventory:

Hand Weapons
 a - a +2 falchion (weapon)
Armour
 b - a +0 scale mail
 c - a +0 shield (worn)
 m - a +0 chain mail
 z - a +0 plate armour (worn)
Jewellery
 y - an uncursed ring of resist corrosion
 A - a ring of ice (left hand)
 D - the ring "Guitoel" (right hand) {rN+ MR+}
   (You took it off a gnoll on level 6 of the Dungeon)

   [ring of positive energy]

   It protects you from negative energy.
   It affects your resistance to hostile enchantments.
Wands
 l - a wand of acid (7)
 n - a wand of clouds (7)
 s - a wand of flame (37)
 u - a wand of random effects (36)
Scrolls
 i - 5 scrolls of magic mapping {unknown}
 j - 4 scrolls of amnesia {unknown}
 k - 7 scrolls of enchant weapon {unknown}
 q - a scroll of blinking
 r - 4 scrolls of remove curse {unknown}
 t - a scroll of fog {unknown}
 v - 2 scrolls of noise {unknown}
 w - 3 scrolls of teleportation {unknown}
 C - 2 scrolls of fear {unknown}
 E - a scroll of immolation {unknown}
 I - 2 scrolls of enchant armour {unknown}
 M - a scroll of identify
Potions
 d - a potion of might
 g - a potion of berserk rage
 h - 2 potions of curing
 o - a potion of ambrosia
 p - 2 potions of flight
 x - a potion of mutation
 B - 3 potions of brilliance {unknown}
 F - 2 potions of invisibility
 G - a potion of cancellation
 J - a potion of resistance
 K - a potion of haste
 L - 2 potions of agility
Miscellaneous
 e - a lamp of fire
Comestibles
 f - 14 rations


   Skills:
 + Level 8.6(13.6) Fighting
 + Level 10.7(15.7) Long Blades
 + Level 9.9(14.9) Armour
 + Level 2.2(7.2) Dodging
 + Level 1.2(6.2) Stealth
 + Level 10.0(15.0) Shields
 + Level 0.3 Evocations


You had 9 spell levels left.
You didn't know any spells.
Your spell library was empty.

Dungeon Overview and Level Annotations

Branches:
Dungeon (10/15)            Temple (1/1) D:6            Lair (0/6) D:10
    Orc: D:9-12

Altars:
Ashenzari
Cheibriados
Dithmenos
Elyvilon
Fedhas
Gozag
Hepliaklqana
Kikubaaqudgha
Makhleb
Nemelex Xobeh
Okawaru
Qazlal
Ru
Sif Muna
Trog
Uskayaw
Vehumet
Wu Jian
Xom
Yredelemnul
Zin
The Shining One

Annotations:
D:5 3 runed translucent doors, diiiiiane's ghost, novice DEFE
D:6 2 transporters
D:10 Snorg


Innate Abilities, Weirdness & Mutations

You reflexively headbutt those who attack you in melee.
You have a pair of horns on your head.


Message History

You slash Snorg!
Snorg is heavily wounded.
Snorg bites you!!
* * * LOW HITPOINT WARNING * * *
Snorg claws you!
* * * LOW HITPOINT WARNING * * *
Snorg barely misses you.
You slash Snorg! You headbutt Snorg.
Snorg is heavily wounded.
Unknown command.
You slash Snorg!
Snorg is severely wounded.
Snorg bites you!
* * * LOW HITPOINT WARNING * * *
You block Snorg's attack. x2
You hit Snorg. Your headbutt misses Snorg.
Snorg is severely wounded.
The orc priest calls down the wrath of Beogh upon you.
Beogh smites you!
You die...

... .....#...... ##..
........... .. .....#...o
.### #.......# ... ....T.o#
..## #....# ... #..?.##.#
##.######o.....#
#..##..@To###### #.....#####
##.).....#
#..#####.############ ##.(#
#.##.........#
########.(.#####..#.........#
......(.............[.......#
##...(...#########..........#
#......## ##.........#


You could see Snorg (berserk), an orc priest and an orc.

Vanquished Creatures
  Joseph (D:7)
  A troll (D:10)
  Grinder (D:3)
  2 hippogriffs
  2 wyverns (D:8)
  Eustachio (D:4)
  Menkaure (D:4)
  Duvessa (D:3)
  2 orc warriors (D:10)
  2 sky beasts
  2 phantoms
  3 ice beasts
  3 necrophages
  3 ogres
  4 centaurs
  6 bullfrogs
  A big kobold (D:9)
  Dowan (D:3)
  3 scorpions
  3 killer bees (D:8)
  2 howler monkeys
  5 wights (D:6)
  3 crimson imps
  2 centaur zombies
  2 quasits
  2 hounds
  A bullfrog zombie (D:5)
  A centaur skeleton (D:4)
  An orc priest (D:10)
  A bullfrog skeleton (D:5)
  6 orc wizards
  Jessica (D:2)
  Ijyb (D:3)
  Natasha (twice) (D:3)
  3 iguanas
  5 worker ants
  4 gnolls (D:6)
  5 adders
  A shadow imp (D:6)
  3 oozes
  5 worms
  3 dart slugs
  6 leopard geckos
  26 orcs
  A ball python (D:3)
  10 bats
  7 giant cockroaches
  13 goblins
  9 hobgoblins
  4 jackals (D:3)
  3 quokkas
  5 frilled lizards
  A jackal skeleton (D:6)
  A jackal zombie (D:6)
  9 kobolds
  2 leopard gecko skeletons
  4 rats
203 creatures vanquished.

Notes
Turn   | Place    | Note
-------+----------+-------------------------------------------
     0 | D:1      | Peloso the Minotaur Fighter began the quest for the Orb.
     0 | D:1      | Reached XP level 1. HP: 19/19 MP: 0/0
   169 | D:1      | Reached XP level 2. HP: 26/27 MP: 1/1
   838 | D:2      | Reached XP level 3. HP: 23/34 MP: 2/2
  1293 | D:2      | Found an opulent altar of Gozag.
  1380 | D:2      | Reached XP level 4. HP: 31/41 MP: 3/3
  1393 | D:2      | Reached skill level 5 in Fighting
  1438 | D:2      | Noticed Jessica
  1456 | D:2      | Killed Jessica
  1456 | D:2      | Reached XP level 5. HP: 34/48 MP: 4/4
  1490 | D:2      | Found a shattered altar of Ashenzari.
  2106 | D:3      | Noticed Natasha
  2110 | D:3      | Killed Natasha
  2110 | D:3      | Reached skill level 1 in Dodging
  2400 | D:3      | Noticed Natasha
  2408 | D:3      | Killed Natasha
  2408 | D:3      | Reached XP level 6. HP: 34/56 MP: 5/5
  2481 | D:3      | Noticed Grinder
  2492 | D:3      | Noticed Ijyb
  2496 | D:3      | Killed Grinder
  2496 | D:3      | Reached skill level 5 in Long Blades
  2496 | D:3      | Reached skill level 5 in Armour
  2496 | D:3      | Reached skill level 5 in Shields
  2509 | D:3      | Killed Ijyb
  2509 | D:3      | Reached XP level 7. HP: 24/62 MP: 6/6
  2794 | D:4      | Noticed Dowan
  2794 | D:4      | Noticed Duvessa
  2871 | D:3      | Killed Duvessa
  2879 | D:3      | Killed Dowan
  3347 | D:4      | Noticed Menkaure
  3354 | D:4      | Killed Menkaure
  3372 | D:4      | Noticed Eustachio
  3401 | D:4      | Killed Eustachio
  3401 | D:4      | Reached XP level 8. HP: 19/70 MP: 7/7
  3861 | D:5      | Entered Level 5 of the Dungeon
  3879 | D:5      | Noticed diiiiiane's ghost (novice DEFE)
  3901 | D:5      | Found a runed translucent gate.
  3901 | D:5      | Found a runed translucent gate.
  3907 | D:5      | Found a runed translucent gate.
  4381 | D:5      | Found a shimmering blue altar of Sif Muna.
  4532 | D:6      | Found a transporter.
  4532 | D:6      | Found a transporter.
  4532 | D:6      | Noticed a tengu conjurer
  4577 | D:6      | Identified the ring "Guitoel" {rN+ MR+}
  4806 | D:6      | Found a hide-covered altar of Uskayaw.
  4881 | D:6      | Found a staircase to the Ecumenical Temple.
  4890 | Temple   | Entered the Ecumenical Temple
  5212 | D:6      | Found an ornate altar of the Wu Jian Council.
  5464 | D:6      | Found a stormy altar of Qazlal.
  5464 | D:6      | Found a snail-covered altar of Cheibriados.
  5739 | D:7      | Reached XP level 9. HP: 71/78 MP: 8/8
  5850 | D:7      | Noticed Joseph
  5900 | D:7      | Killed Joseph
  5902 | D:7      | Reached skill level 1 in Stealth
  6634 | D:7      | Found a shadowy altar of Dithmenos.
  7402 | D:8      | Found a radiant altar of Vehumet.
  7402 | D:8      | Found a burning altar of Makhleb.
  7582 | D:8      | Found an iron altar of Okawaru.
  7856 | D:8      | Became a worshipper of Warmaster Okawaru
  8056 | D:9      | Reached XP level 10. HP: 88/88 MP: 9/9
  8452 | D:9      | Found a shadowy altar of Dithmenos.
  8721 | D:9      | Found a glowing silver altar of Zin.
  8721 | D:9      | Noticed an angel
  8784 | D:10     | Entered Level 10 of the Dungeon
  8822 | D:10     | Reached * piety under Okawaru
  8822 | D:10     | Reached skill level 10 in Long Blades
  8983 | D:10     | Found a staircase to the Lair.
  9071 | D:10     | Noticed Snorg
  9083 | D:10     | Reached ** piety under Okawaru
  9083 | D:10     | Reached skill level 10 in Shields
  9094 | D:10     | HP: 5/135 [Snorg (8)]
  9095 | D:10     | Killed from afar by an orc priest

Levels and vault maps discovered:
D:1:      onia_arrival_pentagram, layout_loops_corners, solitary_fountain
D:2:      layout_basic, nicolae_overflow_crystal_walls,
          nicolae_gozag_cash_rules_everything_around_me, uniq_jessica
D:3:      layout_loops_cross, kennysheep_generic_room_14, uniq_natasha,
          uniq_ijyb, uniq_grinder
D:4:      layout_cave_pools, uniq_duvessa, uniq_menkaure, uniq_eustachio
D:5:      layout_loops_ring, tgw_sif, first_ration, gammafunk_ghost_icy
D:6:      layout_loops_cross, gammafunk_temple_overflow_arena,
          kennysheep_mini_moat, gammafunk_temple_overflow_elements,
          minmay_temple_entry_water_ring
D:7:      layout_cave_pools, grunt_dithmenos_shadows, uniq_joseph
D:8:      layout_loops_ring, grunt_temple_overflow_lords_of_destruction,
          lemuel_round_altar
D:9:      layout_cave_pods, zin_angel, basic_altar
D:10:     layout_rooms, lair_entry_dummy, uniq_erica, uniq_snorg, uniq_nergalle
Temple:   dpeg_chambers_temple

Skill      XL: |  1  2  3  4  5  6  7  8  9 10 |
---------------+-------------------------------+-----
Armour         | 4 5 7 9 |  9.9
Fighting       | 4 5 6 7 8 |  8.6
Long Blades    | 3 4 5 7 8 9 10 | 10.7
Shields        | 4 5 6 8 9 10 | 10.0
Dodging        | 1 2 |  2.2
Stealth        | 1 |  1.2
Evocations     | |  0.3

Action                   |  1- 3 |  4- 6 |  7- 9 | 10-12 || total
-------------------------+-------+-------+-------+-------++-------
Melee: Long sword        |    92 |   105 |   191 |       ||   388
       Headbutt          |    14 |    21 |   105 |    38 ||   178
       Falchion          |       |       |   254 |   166 ||   420
Invok: Heroism           |       |       |       |     1 ||     1
Evoke: Wand              |       |       |     3 |       ||     3
  Use: Potion            |       |     1 |     8 |     1 ||    10
       Scroll            |       |       |       |     8 ||     8
 Stab: Invisible         |       |       |     1 |       ||     1
  Eat: Chunk             |     1 |     4 |     8 |     4 ||    17
       Ration            |       |       |     3 |       ||     3
Armor: Scale mail        |    51 |       |       |       ||    51
       Chain mail        |     5 |    75 |    73 |       ||   153
       Plate armour      |       |       |   193 |    71 ||   264
Dodge: Dodged            |    24 |    40 |   122 |    40 ||   226
Block: Shield            |    43 |    54 |   306 |    84 ||   487
       Rpst.: Long sword |     4 |    16 |    17 |       ||    37
       Falchion          |       |       |    14 |     8 ||    22
